 Dungeon Crawl Stone Soup version 0.24.0-10-g970556be89 (webtiles) character file.

Game seed: 3602644170689036778, levelgen mode: deterministic

239 Peloso the Covered (level 5, -1/46 HPs)
             Began as a Minotaur Fighter on Nov 4, 2019.
             Slain by a gnoll (5 damage)
             ... on level 4 of the Dungeon.
             The game lasted 00:04:09 (2138 turns).

Peloso the Covered (Minotaur Fighter)               Turns: 2138, Time: 00:04:10

Health: -1/46      AC:  7    Str: 20    XL:     5   Next: 79%
Magic:  4/4        EV:  8    Int:  5    God:
Gold:   233        SH:  9    Dex: 11    Spells: 4/4 levels left

rFire    . . .     SeeInvis .   a - +0 long sword
rCold    + . .     Gourm    .   c - +0 shield
rNeg     . . .     Faith    .   b - +0 scale mail
rPois    .         Spirit   .   (helmet restricted)
rElec    .         Reflect  .   (no cloak)
rCorr    .         Harm     .   (no gloves)
MR       .....                  (no boots)
Stlth    ..........             (no amulet)
HPRegen  0.15/turn              (no ring)
MPRegen  0.09/turn              (no ring)

@: no status effects
A: retaliatory headbutt, horns 2, cold resistance 1, MP-powered wands
a: no special abilities


You were on level 4 of the Dungeon.
You were not hungry.

You visited 1 branch of the dungeon, and saw 4 of its levels.

You collected 233 gold pieces.

Inventory:

Hand Weapons
 a - a +0 long sword (weapon)
Armour
 b - a +0 scale mail (worn)
 c - a +0 shield (worn)
Wands
 k - a wand of polymorph (11)
 l - a wand of iceblast (6)
Scrolls
 e - 4 scrolls of identify {unknown}
 h - a scroll of remove curse {unknown}
 j - 2 scrolls of teleportation {unknown}
Potions
 d - a potion of might
 g - a potion of agility
 i - a potion of berserk rage
 m - a potion of heal wounds {unknown}
Comestibles
 f - 7 rations
 n - a chunk of flesh


   Skills:
 + Level 4.2 Fighting
 + Level 4.7 Long Blades
 + Level 5.3 Armour
 + Level 0.8 Dodging
 + Level 4.8 Shields


You had 4 spell levels left.
You didn't know any spells.
Your spell library contained the following spells:

 Spells                   Type           Power        Failure   Level  Hunger
 Magic Dart               Conj           #...         99%         1    ##.....
 Blink                    Tloc           N/A          100%        2    ###....
 Call Imp                 Summ           #.......     100%        2    ###....
 Slow                     Hex            #.......     100%        2    ###....
 Conjure Flame            Conj/Fire      #.......     100%        3    ####...
 Mephitic Cloud           Conj/Pois/Air  #.......     100%        3    ####...


Dungeon Overview and Level Annotations

Branches:
Dungeon (4/15)
 Temple: D:4-7

Altars:
Wu Jian
Xom


Innate Abilities, Weirdness & Mutations

You reflexively headbutt those who attack you in melee.
You have a pair of horns on your head.
Your flesh is cold resistant. (rC+)
You expend magic power (3 MP) to strengthen your wands.


Message History

You slash the gnoll!
The gnoll is almost dead.
You block the gnoll's attack. The gnoll hits you with a +0 spear.
The gnoll closely misses you.
You hit the gnoll.
You kill the gnoll!
The gnoll hits you with a +0 spear!
* * * LOW HITPOINT WARNING * * *
The gnoll hits you.
* * * LOW HITPOINT WARNING * * *
You block the gnoll's attack. x2
You see here a +0 spear.
You slash the gnoll!
The gnoll is severely wounded.
You block the gnoll's attack. The gnoll hits you.
* * * LOW HITPOINT WARNING * * *
You slash the gnoll!
You kill the gnoll!
You block the gnoll's attack. The gnoll hits you.
You die...

. # ###. #. #.. +.
... #.# #.# #$.##.#
#..†#.####.#
#.)@g......#
#....(.....#.######
.. #(.####...##.# ..
###..#####.# #.# ..
...... ... #.# #.
#..# #### #.#
.#.####..#########.#
...................#
#...........#######


You could see a gnoll.

Vanquished Creatures
  3 worker ants
  8 gnolls
  3 adders
  A worm (D:1)
  7 orcs (D:3)
  2 giant cockroaches
  8 goblins
  7 hobgoblins
  3 jackals (D:2)
  2 quokkas
  2 ball pythons
  5 bats
  3 frilled lizards
  4 kobolds
  3 rats
61 creatures vanquished.

Notes
Turn   | Place    | Note
-------+----------+-------------------------------------------
     0 | D:1      | Peloso the Minotaur Fighter began the quest for the Orb.
     0 | D:1      | Reached XP level 1. HP: 19/19 MP: 0/0
   177 | D:1      | Reached XP level 2. HP: 17/27 MP: 1/1
   255 | D:1      | Reached skill level 4 in Armour
   411 | D:2      | Reached XP level 3. HP: 32/33 MP: 2/2
   430 | D:2      | Reached XP level 4. HP: 4/40 MP: 3/3
   850 | D:2      | Found a shimmering altar of Xom.
   979 | D:2      | Gained mutation: Your flesh is cold resistant. (rC+)
                  | [potion of mutation]
   979 | D:2      | Gained mutation: You expend magic power (3 MP) to
                  | strengthen your wands. [potion of mutation]
  1357 | D:3      | Found a shimmering altar of Xom.
  1443 | D:3      | Found an ornate altar of the Wu Jian Council.
  1687 | D:3      | Reached XP level 5. HP: 38/46 MP: 4/4
  1854 | D:3      | Reached skill level 5 in Armour
  2138 | D:4      | Slain by a gnoll

Levels and vault maps discovered:
D:1:      evilmike_arrival_run_for_it, layout_rooms
D:2:      layout_loops_cross, nicolae_overflow_hidden_temple, first_ration,
          minmay_bisected
D:3:      layout_loops_ring, lemuel_crystal_altar, xom_teletrap_fun
D:4:      layout_loops_ring, temple_pool_b, kennysheep_generic_room_11,
          uniq_menkaure

Skill      XL: |  1  2  3  4  5 |
---------------+----------------+-----
Armour         | 4 5 |  5.3
Fighting       | 4 |  4.2
Shields        | 4 |  4.8
Long Blades    | 3 4 |  4.7
Dodging        | |  0.8

Action                   |  1- 3 |  4- 6 || total
-------------------------+-------+-------++-------
Melee: Long sword        |    51 |    96 ||   147
       Headbutt          |     6 |    16 ||    22
  Use: Potion            |     1 |     4 ||     5
  Eat: Chunk             |       |     4 ||     4
Armor: Scale mail        |    26 |    43 ||    69
Dodge: Dodged            |    23 |    31 ||    54
Block: Shield            |    28 |    58 ||    86
       Rpst.: Long sword |     7 |     8 ||    15
